 Dungeon Crawl Stone Soup version 0.19.1 (webtiles) character file.

245051 Milesaru the Executioner (level 18, -29/171 HPs)
             Began as a Minotaur Fighter on Dec 19, 2016.
             Was the Champion of Okawaru.
             Killed from afar by a deep elf annihilator (38 damage)
             ... with a crystal spear
             ... led by an ironheart preserver
             ... on level 1 of the Vaults on Dec 20, 2016.
             The game lasted 02:21:47 (30824 turns).

Milesaru the Executioner (Minotaur Fighter)        Turns: 30824, Time: 02:21:48

Health: -29/171    AC: 37    Str: 25    XL:     18   Next: 75%
Magic:  17/17      EV: 17    Int: 13    God:    Okawaru [******]
Gold:   217        SH: 19    Dex: 25    Spells: 0 memorised, 17 levels left

rFire  . . .     SeeInvis .     Y - +3 broad axe (vamp)
rCold  x . .     Gourm    .     F - +9 plate armour
rNeg   + + +     Faith    .     N - +4 shield "Viokh" {Regen+ Str+3 Int+5}
rPois  .         Spirit   .     O - +2 hat
rElec  .         Reflect  .     a - +1 cloak
rCorr  .         Harm     .     c - +2 pair of gloves
MR     +....                    X - +0 pair of boots
Stlth  ..........               V - amulet of rage
                                l - +5 ring of dexterity
                                A - ring of Arrival {rC- rN+++ Str-2 Int+3 Dex+3}

@: very slightly contaminated, hasted, very quick
A: retaliatory headbutt, horns 2, regeneration 1, strong 1
a: Heroism, Finesse, Renounce Religion, Evoke Berserk Rage
}: 2/15 runes: serpentine, barnacled


You were on level 1 of the Vaults.
You worshipped Okawaru.
Okawaru was exalted by your worship.
You were hungry.

You visited 7 branches of the dungeon, and saw 33 of its levels.
You visited the Abyss 1 time.
You visited 1 bazaar.

You collected 2881 gold pieces.
You spent 2664 gold pieces at shops.

Inventory:

Hand Weapons
 z - a +3 broad axe of freezing
 Y - a +3 vampiric broad axe (weapon)
 Z - the +11 battleaxe of Grandeur {flame, rC- MR+ Str+2}
   (Okawaru gifted it to you on level 4 of the Snake Pit)

   It has been specially enchanted to burn those struck by it, causing extra
   injury to most foes and up to half again as much damage against particularly
   susceptible opponents.
   Big, fiery blades are also staple armaments of hydra-hunters.
   It affects your strength (+2).
   It makes you vulnerable to cold.
   It affects your resistance to hostile enchantments.
Missiles
 I - 15 poisoned javelins (quivered)
 M - 53 javelins
Armour
 a - a +1 cloak (worn)
 c - a +2 pair of gloves (worn)
 F - a +9 plate armour (worn)
 N - the +4 shield "Viokh" (worn) {Regen+ Str+3 Int+5}
   (Okawaru gifted it to you on level 12 of the Dungeon)

   It affects your strength (+3).
   It affects your intelligence (+5).
   It increases your rate of regeneration.
 O - a +2 hat (worn)
 R - a +2 plate armour of cold resistance
 X - a +0 pair of boots (worn)
Jewellery
 h - the ring "Voybov" {Ice Slay+3}
   (You bought it in a shop in a bazaar)

   [ring of ice]

   It enhances your ice magic.
   It affects your accuracy and damage with ranged weapons and melee attacks
   (+3).
   It makes you vulnerable to fire.
   It protects you from cold.
 l - a +5 ring of dexterity (right hand)
 A - the ring of Arrival (left hand) {rC- rN+++ Str-2 Int+3 Dex+3}
   (You bought it in a shop in a bazaar)

   [ring of dexterity]

   It affects your strength (-2).
   It affects your intelligence (+3).
   It affects your dexterity (+3).
   It makes you vulnerable to cold.
   It renders you almost immune to negative energy.
 P - an uncursed ring of see invisible
 V - an amulet of rage (around neck)
Wands
 r - a wand of paralysis (9/24)
 v - a wand of acid (4/15)
 C - a wand of digging (9/24)
 L - a wand of iceblast (8/15)
 S - a wand of enslavement (10/24)
 T - a wand of teleportation (3/9)
Scrolls
 e - 7 scrolls of remove curse
 k - 6 scrolls of recharging
 p - 2 scrolls of magic mapping
 t - 6 scrolls of fear
 x - a scroll of silence
 y - 6 scrolls of fog
 B - 4 scrolls of identify
 J - 7 scrolls of teleportation
 W - a scroll of enchant armour
Potions
 b - 2 potions of cancellation
 d - 2 potions of might
 g - 3 potions of magic
 j - 4 potions of cure mutation
 m - 2 potions of lignification
 n - 2 potions of resistance
 u - 7 potions of haste
 w - a potion of invisibility
 E - 8 potions of brilliance
 G - 7 potions of flight
 K - 2 potions of agility
 Q - 3 potions of curing
 U - 5 potions of berserk rage
Comestibles
 f - 12 bread rations
 i - 18 meat rations
 o - 15 chunks of flesh
 s - 66 fruits
 D - 18 royal jellies
 H - 12 beef jerkies


   Skills:
 + Level 17.8 Fighting
 * Level 23.4 Axes
 + Level 17.8 Armour
 + Level 11.5 Dodging
 - Level 15.1 Shields


You had 17 spell levels left.
You didn't know any spells.

Dungeon Overview and Level Annotations

Branches:
Dungeon (15/15)            Temple (1/1) D:7            Lair (6/6) D:10
 Shoals (4/4) Lair:3        Snake (4/4) Lair:2        Slime (0/5) Lair:6
    Orc (2/2) D:10            Elf (0/3) Orc:2        Vaults (1/5) D:13
 Depths (0/5) D:15

Altars:
Ashenzari
Cheibriados
Dithmenos
Elyvilon
Fedhas
Gozag
Hepliaklqana
Kikubaaqudgha
Makhleb
Nemelex Xobeh
Okawaru
Qazlal
Ru
Sif Muna
Trog
Uskayaw
Vehumet
Xom
Yredelemnul
Zin
The Shining One
Jiyva

Shops:
D:10 (   D:13 =*[?   Orc:2 **!=(   Shoals:1 %   Shoals:2 [%[*   Snake:1 (:
Snake:3 (((*[   Vaults:1 (

Annotations:
D:7 Menkaure
Snake:2 exclusion: Roxanne, Roxanne


Innate Abilities, Weirdness & Mutations

You reflexively headbutt those who attack you in melee.
You have a pair of horns on your head.
Your natural rate of healing is unusually fast.
Your muscles are strong. (Str +2)


Message History

The sentinel's mark upon you fades away.
The white ugly thing trunk-slaps you but does no damage.
You block the white ugly thing's attack.
You feel yourself speed up.
The white ugly thing closely misses you.
A deep elf annihilator opens the door.
The white ugly thing headbutts you but does no damage.
You are very lightly contaminated with residual magic.
You slash the white ugly thing!
You kill the white ugly thing!
Okawaru accepts your kill.
You hit the white ugly thing. You closely miss the white ugly thing.
The white ugly thing completely misses you.
You furiously retaliate!
You headbutt the white ugly thing! The white ugly thing trunk-slaps you.
The white ugly thing freezes you!!!
You feel a terrible chill!
* * * LOW HITPOINT WARNING * * *
The deep elf annihilator gestures at you while chanting.
The crystal spear hits you!
You die...

........# . ........#
.. ........#
#########
##+####'#####........
#......#........
+.....†#.u......
#..##D†'........
#..##u†'u.......
#....@u#........
#....†.#########
#+#########'##
.....#...e..# e
.e..#......# .'.
#e.#..##..#
#..##))#..##..#
#..OOe2)......#
#....)3#......#


You could see a deep elf annihilator, 4 ugly things and a mottled dragon.

Vanquished Creatures
  Mara (Snake:3)
  Nikola (Shoals:2)
  Gastronok (D:8)
  The ghost of ohad the Devastator, an adept DEFE of Vehumet (Snake:4)
  A kraken (Shoals:3)
  Kirke (Shoals:2)
  Agnes (D:14)
  Ilsuiw (Shoals:4)
  9 nagarajas
  A deep elf sorcerer (Vaults:1)
  Louise (Shoals:4)
  Aizul (Snake:2)
  A vault warden (Vaults:1)
  2 stone giants (Shoals:4)
  An ironheart preserver (Vaults:1)
  The ghost of Lovchig the Cleaver, a journeyman DDFi of the Shining One (D:14)
  Azrael (Orc:2)
  A dire elephant (D:15)
  6 merfolk javelineers
  6 merfolk impalers
  A yaktaur captain (Vaults:1)
  9 naga warriors
  5 hydras
  3 vault guards (D:13)
  A catoblepas (Shoals:2)
  9 anacondas
  4 centaur warriors
  An ice dragon (Vaults:1)
  4 satyrs (Shoals:4)
  2 alligator snapping turtles
  An ogre mage (Vaults:1)
  3 tengu warriors (D:14)
  A merfolk avatar (Shoals:4)
  2 merfolk aquamancers
  4 death yaks
  An orc high priest (Orc:2)
  4 shock serpents
  12 naga sharpshooters
  Sonja (D:11)
  4 unseen horrors
  3 salamander mystics
  19 sea snakes
  An ironbrand convoker (Vaults:1)
  4 naga ritualists
  2 hill giants
  3 deep elf magi
  A wizard (Vaults:1)
  A sphinx zombie (Vaults:1)
  A deep elf archer (Vaults:1)
  An obsidian statue (D:13)
  12 mana vipers
  10 harpies
  2 orc knights (Vaults:1)
  6 orc sorcerers
  A necromancer (Vaults:1)
  A frost giant zombie (Vaults:1)
  21 ugly things
  10 salamanders
  8 cyclopes
  8 manticores
  16 fauns
  A vault sentinel (Vaults:1)
  13 sirens
  An elephant (Lair:3)
  7 water nymphs
  2 centaur zombies
  41 black mambas
  19 naga magi
  4 gargoyles
  7 guardian serpents
  7 spiny frogs
  A kobold demonologist (D:15)
  3 rime drakes
  7 komodo dragons
  2 yaktaurs (Vaults:1)
  19 merfolk
  2 tengu conjurers
  A queen bee (Lair:3)
  2 hornets (Lair:6)
  2 wind drakes
  6 trolls
  5 two-headed ogres
  Prince Ribbit (D:7)
  5 polar bears (Lair:6)
  Grinder (D:3)
  3 slime creatures
  3 dream sheep (Shoals:2)
  12 blink frogs
  A human simulacrum (Vaults:1)
  12 hippogriffs
  13 snapping turtles
  4 wraiths
  A vampire (D:15)
  12 spriggans (Lair:6)
  2 shadows (D:14)
  26 yaks
  6 water elementals
  4 wyverns
  A hog (Shoals:2)
  A fire elemental (Orc:1)
  A basilisk (Lair:2)
  A vampire mosquito (D:12)
  3 mottled dragons
  50 nagas
  Grum (D:10)
  3 wargs
  A harpy simulacrum (D:15)
  2 hell hounds (Orc:2)
  4 porcupines
  Duvessa (D:4)
  9 water moccasins
  An ice beast (D:9)
  25 orc warriors
  5 sky beasts
  3 black bears
  A phantom (D:12)
  17 ogres
  3 boggarts (Lair:6)
  25 wolves
  15 centaurs
  A human skeleton (Vaults:1)
  3 big kobolds
  7 crocodiles
  24 bullfrogs
  A yaktaur zombie (Vaults:1)
  Dowan (D:4)
  5 scorpions
  A wyvern skeleton (D:7)
  31 killer bees
  An orc simulacrum (Vaults:1)
  8 wights
  3 electric eels
  7 howler monkeys
  5 crimson imps
  A quasit (D:7)
  10 hounds
  Crazy Yiuf (D:4)
  2 bullfrog zombies
  7 jellies
  32 orc wizards
  2 bullfrog skeletons
  34 orc priests
  4 centaur skeletons
  7 iguanas
  Natasha (thrice) (D:3)
  12 worker ants
  Ijyb (D:2)
  Terence (D:2)
  2 hound zombies (D:9)
  A gnoll (D:1)
  16 adders
  5 shadow imps
  3 oozes (D:3)
  2 adder zombies
  3 adder skeletons
  2 worms
  2 dart slugs
  6 leopard geckos
  98 orcs
  2 ball pythons
  9 bats
  11 giant cockroaches
  10 hobgoblins
  5 jackals
  5 quokkas
  A frilled lizard (D:1)
  A giant cockroach zombie (D:5)
  9 goblins
  A jackal skeleton (D:7)
  A jackal zombie (D:5)
  12 kobolds
  A leopard gecko skeleton (D:4)
  2 quokka skeletons
  10 rats
  2 fungi (Lair:3)
  13 plants
  3 tentacles (Shoals:3)
1126 creatures vanquished.

Vanquished Creatures (others)
  Polyphemus (Shoals:2)
  A vault guard (D:13)
  A hydra (D:15)
  A merfolk aquamancer (Shoals:4)
  A satyr (Shoals:2)
  A tengu warrior (D:13)
  4 death yaks
  A shock serpent (Snake:1)
  A spriggan rider (Lair:6)
  A sea snake (Shoals:4)
  An unseen horror (D:13)
  4 hill giants
  2 fauns (Shoals:2)
  2 ugly things
  2 elephants (Lair:3)
  3 black mambas
  A centaur skeleton (D:15)
  2 komodo dragons
  A merfolk (Shoals:4)
  2 trolls
  2 polar bears (Lair:6)
  2 hippogriffs
  4 yaks
  3 humans (Shoals:2)
  2 fire elementals
  A naga (Lair:2)
  2 water moccasins
  A swamp drake (D:10)
  A centaur (D:8)
  4 orc warriors
  3 wolves
  A big kobold (D:12)
  A scorpion (D:13)
  2 killer bees
  A wight (D:13)
  A hound (D:7)
  An orc wizard (Orc:2)
  An iguana (Lair:2)
  A worker ant (D:13)
  An orc (D:10)
  2 bushes (Lair:6)
  8 fungi
  81 plants
  5 tentacles (Shoals:3)
164 creatures vanquished.

Grand Total: 1290 creatures vanquished

Notes
Turn   | Place    | Note
-------+----------+-------------------------------------------
     0 | D:1      | Milesaru the Minotaur Fighter began the quest for the Orb.
     0 | D:1      | Reached XP level 1. HP: 19/19 MP: 0/0
    56 | D:1      | Reached XP level 2. HP: 22/27 MP: 1/1
   140 | D:1      | Reached skill level 3 in Axes
   326 | D:1      | Reached XP level 3. HP: 33/33 MP: 2/2
   971 | D:2      | Reached XP level 4. HP: 39/40 MP: 3/3
  1128 | D:2      | Noticed Terence
  1136 | D:2      | Killed Terence
  1192 | D:2      | Found a faded altar of an unknown god.
  1192 | D:2      | Found a faded altar of an unknown god.
  1197 | D:2      | Found a faded altar of an unknown god.
  1199 | D:2      | Found a stormy altar of Qazlal.
  1201 | D:2      | Found a faded altar of an unknown god.
  1211 | D:2      | Reached skill level 4 in Axes
  1299 | D:2      | Noticed Ijyb
  1304 | D:2      | Killed Ijyb
  1325 | D:2      | Reached XP level 5. HP: 29/46 MP: 4/4
  1748 | D:3      | Reached skill level 5 in Shields
  1807 | D:3      | Reached skill level 5 in Axes
  1942 | D:3      | Reached XP level 6. HP: 53/53 MP: 5/5
  2184 | D:3      | Noticed Natasha
  2191 | D:3      | Killed Natasha
  2266 | D:4      | Noticed Grinder
  2296 | D:3      | Killed Grinder
  2296 | D:3      | Reached skill level 5 in Fighting
  2296 | D:3      | Reached skill level 5 in Armour
  2487 | D:4      | Noticed Dowan
  2490 | D:4      | Noticed Duvessa
  2553 | D:3      | Noticed Natasha
  2562 | D:3      | Killed Natasha
  2562 | D:3      | Reached skill level 6 in Axes
  2562 | D:3      | Reached XP level 7. HP: 53/61 MP: 6/6
  2577 | D:3      | Noticed Natasha
  2580 | D:3      | Killed Natasha
  2895 | D:4      | Killed Duvessa
  2928 | D:4      | Killed Dowan
  3023 | D:4      | Found a runed door.
  3027 | D:4      | Noticed Crazy Yiuf
  3032 | D:4      | Killed Crazy Yiuf
  3354 | D:5      | Entered Level 5 of the Dungeon
  3408 | D:5      | Reached skill level 7 in Axes
  3491 | D:5      | Reached XP level 8. HP: 54/70 MP: 4/7
  4135 | D:6      | Reached skill level 8 in Axes
  4493 | D:6      | Found a bloodstained altar of Trog.
  4493 | D:6      | Found an opulent altar of Gozag.
  4853 | D:6      | Identified a scroll of acquirement
  5073 | D:7      | Found a staircase to the Ecumenical Temple.
  5088 | Temple   | Entered the Ecumenical Temple
  5273 | Temple   | Became a worshipper of Warmaster Okawaru
  5363 | D:7      | Noticed a hill giant
  5368 | D:7      | Killed a hill giant
  5368 | D:7      | Reached * piety under Okawaru
  5368 | D:7      | Reached skill level 9 in Axes
  5368 | D:7      | Reached XP level 9. HP: 60/79 MP: 5/8
  5523 | D:7      | Noticed Menkaure
  6102 | D:7      | Noticed Prince Ribbit
  6108 | D:7      | Killed Prince Ribbit
  6370 | D:7      | Reached skill level 10 in Axes
  6404 | D:7      | Reached ** piety under Okawaru
  7132 | D:8      | Noticed a troll
  7139 | D:8      | Banished a troll
  7244 | D:8      | Reached skill level 11 in Axes
  7258 | D:8      | Reached XP level 10. HP: 71/90 MP: 6/9
  7273 | D:8      | Reached *** piety under Okawaru
  7300 | D:8      | Noticed Gastronok
  7311 | D:8      | Killed Gastronok
  7311 | D:8      | Reached **** piety under Okawaru
  7576 | D:9      | Reached skill level 12 in Axes
  7869 | D:9      | Received a gift from Okawaru
  8412 | D:10     | Entered Level 10 of the Dungeon
  8434 | D:10     | Found Keraics's Weapon Shop.
  8482 | D:10     | Found a radiant altar of Vehumet.
  8589 | D:10     | Found a staircase to the Lair.
  8590 | D:10     | Noticed a hill giant
  8598 | D:10     | Killed a hill giant
  8729 | D:10     | Noticed Grum
  8740 | D:10     | Killed Grum
  8745 | D:10     | Reached skill level 10 in Shields
  8760 | D:10     | Reached XP level 11. HP: 32/99 MP: 5/10
  8859 | D:10     | Found a staircase to the Orcish Mines.
  8919 | D:10     | Reached ***** piety under Okawaru
  9517 | D:11     | Reached skill level 10 in Fighting
  9517 | D:11     | Reached skill level 13 in Axes
  9762 | D:11     | Noticed Sonja
  9791 | D:11     | Killed Sonja
 10479 | D:12     | Reached skill level 10 in Armour
 10676 | D:12     | Noticed a green ugly thing
 10697 | D:12     | Killed a green ugly thing
 11034 | D:12     | Received a gift from Okawaru
 11045 | D:12     | Got an encrusted shield {god gift}
 11056 | D:12     | Identified the +4 shield "Viokh" {Regen+ Str+3 Int+5} (Okawaru gifted it to you on level 12 of the Dungeon)
 11065 | D:12     | Noticed a hill giant
 11074 | D:12     | Banished a hill giant
 11074 | D:12     | Reached skill level 14 in Axes
 11152 | D:12     | Noticed a hill giant
 11158 | D:12     | Banished a hill giant
 11177 | D:12     | Noticed a hill giant
 11447 | D:12     | Banished a hill giant
 11447 | D:12     | Reached XP level 12. HP: 89/110 MP: 8/11
 11781 | Lair:1   | Entered Level 1 of the Lair of Beasts
 12418 | Lair:1   | Reached skill level 15 in Axes
 12624 | Lair:2   | Found a staircase to the Snake Pit.
 12669 | Lair:2   | Found a snail-covered altar of Cheibriados.
 13499 | Lair:3   | Received a gift from Okawaru
 13500 | Lair:3   | Found an ancient bone altar of Kikubaaqudgha.
 13543 | Lair:3   | Found a staircase to the Shoals.
 13550 | Lair:3   | Noticed a seven-headed hydra
 13866 | Lair:3   | Killed a 12-headed hydra
 14177 | Lair:3   | Reached skill level 16 in Axes
 14177 | Lair:3   | Reached XP level 13. HP: 118/118 MP: 12/12
 14924 | Lair:5   | Reached ****** piety under Okawaru
 15832 | Lair:6   | Entered Level 6 of the Lair of Beasts
 16082 | Lair:6   | Reached skill level 17 in Axes
 16238 | Lair:6   | Received a gift from Okawaru
 16485 | Lair:6   | Reached XP level 14. HP: 118/129 MP: 11/13
 16573 | Lair:6   | Received a gift from Okawaru
 16646 | Lair:6   | Found a viscous altar of Jiyva.
 16648 | Lair:6   | Found a staircase to the Slime Pits.
 16881 | Lair:6   | Found a white marble altar of Elyvilon.
 17255 | Orc:1    | Entered Level 1 of the Orcish Mines
 17381 | Orc:1    | Received a gift from Okawaru
 17749 | Orc:2    | Entered Level 2 of the Orcish Mines
 17749 | Orc:2    | Noticed Azrael
 17818 | Orc:2    | Killed Azrael
 17823 | Orc:2    | Found a staircase to the Elven Halls.
 17827 | Orc:2    | Paralysed by an orc sorcerer for 3 turns
 17905 | Orc:2    | Paralysed by an orc sorcerer for 2 turns
 18110 | Orc:2    | Reached skill level 18 in Axes
 18321 | Orc:2    | Found Eliurchifui's Assorted Antiques.
 18321 | Orc:2    | Found Egic's Distillery.
 18322 | Orc:2    | Found Ylaviy's Antique Weapon Shop.
 18325 | Orc:2    | Found Foixor's Jewellery Shop.
 18328 | Orc:2    | Bought a scroll labeled FEGANY VILOWK for 30 gold pieces
 18328 | Orc:2    | Bought a potion of curing for 90 gold pieces
 18330 | Orc:2    | Bought a brightly glowing war axe for 161 gold pieces
 18342 | Orc:2    | Gained mutation: You are clumsy. (Dex -2) [potion of mutation]
 18342 | Orc:2    | Gained mutation: Your flesh is cold resistant. (rC+) [potion of mutation]
 18342 | Orc:2    | Lost mutation: Your flesh is cold resistant. (rC+) [potion of mutation]
 18343 | Orc:2    | Gained mutation: Your natural rate of healing is unusually fast. [potion of mutation]
 18343 | Orc:2    | Gained mutation: Your muscles are strong. (Str +2) [potion of mutation]
 18343 | Orc:2    | Lost mutation: You are clumsy. (Dex -2) [potion of mutation]
 18523 | Orc:2    | Found Buypt's General Store.
 18523 | Orc:2    | Found an iron altar of Okawaru.
 18546 | Orc:2    | Bought a potion of curing for 48 gold pieces
 18546 | Orc:2    | Bought a scroll of identify for 32 gold pieces
 18546 | Orc:2    | Bought a potion of heal wounds for 80 gold pieces
 19437 | D:13     | Found Tuefay's Magic Scroll Shop.
 19444 | D:13     | Bought a scroll of identify for 30 gold pieces
 19444 | D:13     | Bought a scroll of identify for 30 gold pieces
 19446 | D:13     | Identified the +10 war axe of the Pit {flame, +Inv Int+3 Stlth-} (You bought it in a shop on level 2 of the Orcish Mines)
 19474 | D:13     | Found a gate to the Vaults.
 19581 | D:13     | Found Xoezuyfe's Armour Boutique.
 19641 | D:13     | Found a gateway to a bazaar.
 19645 | D:13     | Found Estrevom's Jewellery Shoppe.
 19664 | Bazaar   | Entered a bazaar
 19666 | Bazaar   | Found Famoupli's Jewellery Shoppe.
 19675 | Bazaar   | Bought the ring of Arrival {rC- rN+++ Str-2 Int+3 Dex+3} for 388 gold pieces
 19681 | Bazaar   | Found Jyll's Jewellery Boutique.
 19718 | Bazaar   | Found Mihuv's Assorted Antiques.
 19726 | Bazaar   | Found Ziruenut's Weapon Shop.
 19762 | Bazaar   | Bought the ring "Voybov" {Ice Slay+3} for 446 gold pieces
 19785 | Bazaar   | Bought 2 potions of haste for 440 gold pieces
 19821 | D:13     | Found Omawked's General Store.
 19828 | D:13     | Bought a scroll of identify for 30 gold pieces
 19828 | D:13     | Bought a scroll of identify for 30 gold pieces
 19828 | D:13     | Bought a scroll of identify for 30 gold pieces
 20158 | D:14     | Noticed Agnes
 20163 | D:14     | Noticed Lovchig's ghost (journeyman DDFi)
 20164 | D:14     | Killed Agnes
 20164 | D:14     | Received a gift from Okawaru
 20193 | D:14     | Killed Lovchig's ghost
 20673 | D:14     | Reached XP level 15. HP: 126/138 MP: 11/14
 21031 | D:15     | Entered Level 15 of the Dungeon
 21137 | D:15     | Found a glowing golden altar of the Shining One.
 21173 | D:15     | Received a gift from Okawaru
 21248 | D:15     | Found a snail-covered altar of Cheibriados.
 21289 | D:15     | Reached skill level 19 in Axes
 21452 | D:15     | Found a staircase to the Depths.
 21539 | D:15     | Reached skill level 15 in Shields
 21962 | Snake:1  | Entered Level 1 of the Snake Pit
 22164 | Snake:1  | Found Veteas's Book Shop.
 22172 | Snake:1  | Found Nyuqok's Weapon Boutique.
 22615 | Snake:1  | Received a gift from Okawaru
 22676 | Snake:1  | Reached skill level 15 in Armour
 23026 | Snake:2  | Noticed Aizul
 23033 | Snake:1  | Reached skill level 1 in Dodging
 23120 | Snake:2  | Killed Aizul
 23385 | Snake:2  | Noticed Roxanne
 23473 | Snake:2  | Reached skill level 15 in Fighting
 23519 | Snake:2  | Noticed a nagaraja
 23534 | Snake:2  | Killed a nagaraja
 23534 | Snake:2  | Reached skill level 20 in Axes
 24132 | Snake:3  | Found Pugykonot's Antique Weapon Shoppe.
 24132 | Snake:3  | Found Etiliuju's Antique Weapon Shop.
 24146 | Snake:3  | Reached XP level 16. HP: 145/149 MP: 15/15
 24221 | Snake:3  | Received a gift from Okawaru
 24294 | Snake:3  | Found Coets's Antique Weapon Shoppe.
 24340 | Snake:3  | Reached skill level 5 in Dodging
 24404 | Snake:3  | Found Ehecw's Assorted Antiques.
 24412 | Snake:3  | Bought a potion of heal wounds for 145 gold pieces
 24412 | Snake:3  | Bought a scroll of enchant armour for 217 gold pieces
 24412 | Snake:3  | Bought a tubular golden ring for 145 gold pieces
 24440 | Snake:3  | Found Diakkur's Armour Emporium.
 24788 | Snake:4  | Entered Level 4 of the Snake Pit
 24956 | Snake:4  | Noticed Mara
 24999 | Snake:4  | Noticed Milesaru's illusion
 25090 | Snake:4  | Noticed Milesaru's illusion
 25170 | Snake:4  | Noticed Milesaru's illusion
 25192 | Snake:3  | Noticed Milesaru's illusion
 25200 | Snake:3  | Killed Mara
 25292 | Snake:4  | Received a gift from Okawaru
 25307 | Snake:4  | Noticed ohad's ghost (adept DEFE)
 25337 | Snake:4  | Killed ohad's ghost
 25337 | Snake:4  | Reached skill level 21 in Axes
 25529 | Snake:4  | Received a gift from Okawaru
 25533 | Snake:4  | Got a pitted battleaxe {god gift}
 25546 | Snake:4  | Identified the +11 battleaxe of Grandeur {flame, rC- MR+ Str+2} (Okawaru gifted it to you on level 4 of the Snake Pit)
 25801 | Snake:4  | Reached XP level 17. HP: 144/158 MP: 14/16
 25988 | Snake:4  | Received a gift from Okawaru
 26469 | Snake:4  | Got a serpentine rune of Zot
 26821 | Shoals:1 | Entered Level 1 of the Shoals
 27187 | Shoals:1 | Received a gift from Okawaru
 27208 | Shoals:2 | Noticed Kirke
 27208 | Shoals:2 | Noticed Polyphemus
 27249 | Shoals:1 | Found Feenecsa's Food Shop.
 27320 | Shoals:2 | Found Mikh's Armour Boutique.
 27324 | Shoals:2 | Found Cerphun's Food Shop.
 27512 | Shoals:2 | Killed Kirke
 27512 | Shoals:2 | Reached skill level 22 in Axes
 27616 | Shoals:2 | Found Lekoulom's Assorted Antiques.
 27623 | Shoals:2 | Found Duas's Antique Armour Shoppe.
 27702 | Shoals:2 | Noticed Nikola
 27728 | Shoals:2 | Killed Polyphemus
 27741 | Shoals:2 | Killed Nikola
 27786 | Shoals:2 | Bought a scroll of enchant armour for 292 gold pieces
 28176 | Shoals:3 | Noticed a kraken
 28194 | Shoals:3 | Killed a kraken
 28732 | Shoals:4 | Entered Level 4 of the Shoals
 28768 | Shoals:4 | Received a gift from Okawaru
 28812 | Shoals:4 | Reached skill level 10 in Dodging
 28837 | Shoals:4 | Reached XP level 18. HP: 71/169 MP: 2/17
 28866 | Shoals:4 | Noticed Ilsuiw
 28882 | Shoals:4 | Noticed Louise
 28907 | Shoals:4 | Killed Louise
 29008 | Shoals:4 | Received a gift from Okawaru
 29374 | Shoals:4 | Cast into level 2 of the Abyss (merfolk javelineer)
 29416 | Shoals:4 | Escaped the Abyss
 29451 | Shoals:4 | Killed Ilsuiw
 29613 | Shoals:4 | Got a barnacled rune of Zot
 29851 | Shoals:4 | Reached skill level 23 in Axes
 30193 | Vaults:1 | Entered Level 1 of the Vaults
 30443 | Vaults:1 | Found Oduxox's Weapon Boutique.
 30788 | Vaults:1 | Received a gift from Okawaru
 30824 | Vaults:1 | Killed from afar by a deep elf annihilator

Skill      XL: |  1  2  3  4  5  6  7  8  9 10 11 12 13 14 15 16 17 18 |
---------------+-------------------------------------------------------+-----
Axes           | 3 4 5 6 7 9 11 12 14 16 17 18 20 21 22 23 | 23.4
Shields        | 4 5 6 7 8 10 11 12 13 14 15 | 15.1
Fighting       | 4 5 6 7 8 9 11 12 13 14 15 16 17 | 17.8
Armour         | 4 5 6 7 8 9 10 12 13 14 15 16 17 | 17.8
Dodging        | 4 7 10 11 | 11.5

Action                   |  1- 3 |  4- 6 |  7- 9 | 10-12 | 13-15 | 16-18 || total
-------------------------+-------+-------+-------+-------+-------+-------++-------
Melee: War axe           |    91 |   125 |   159 |       |       |       ||   375
       Headbutt          |    14 |    18 |    48 |   149 |   309 |   608 ||  1146
       Broad axe         |       |       |   107 |   644 |  1181 |  1565 ||  3497
Throw: Tomahawk          |       |       |       |     3 |     7 |       ||    10
       Javelin           |       |       |       |     2 |     4 |    15 ||    21
Invok: Heroism           |       |       |       |     8 |     7 |    10 ||    25
       Finesse           |       |       |       |     1 |     1 |     2 ||     4
Evoke: Wand              |       |       |       |     3 |    11 |       ||    14
  Use: Potion            |       |     3 |       |     4 |     5 |    16 ||    28
       Scroll            |       |     5 |    10 |    16 |    16 |    10 ||    57
 Stab: Invisible         |       |       |       |       |       |    18 ||    18
  Eat: Chunk             |       |     5 |     8 |    21 |    26 |    11 ||    71
       Pizza             |       |       |     3 |       |     5 |       ||     8
       Bread ration      |       |       |     1 |       |       |     4 ||     5
Armor: Scale mail        |    13 |       |       |       |       |       ||    13
       Ring mail         |    26 |    27 |    68 |    29 |       |       ||   150
       Plate armour      |       |       |       |   178 |   401 |   621 ||  1200
Dodge: Dodged            |    30 |    43 |    96 |   233 |   220 |   584 ||  1206
Block: Shield            |    43 |    67 |   122 |   412 |   727 |  1454 ||  2825
